AoeStats
← Darkspideyy

Arena

510814030Analyzed
4v4 RM · 14h ago on Oct 2, 2026· 53m 29s· 8 players
Game mode
Random Map
Map size
Large (8 player)
Population
200
Speed
Normal
Resources
Standard
Victory
Conquest
Starting age
Dark Age
Ending age
Imperial Age
RankedLock teamsTeams togetherTeam positionsShared explorationLock speedFull tech treeHidden civsTurbo modeCheats
Victory
Defeat
🇪🇪 Britons · Estonia
935
+16
🇩🇪 Inca · Germany
924
+16
🇺🇦 Bohemians · Ukraine
924
+16
🇳🇱 Goths · Netherlands
904
+17
🇮🇳 Sicilians · India
1018
-19
🇷🇺 Poles · Russia
980
-18
🇲🇽 Franks · Mexico
937
-17
🇮🇳 Byzantines · India
786
-30
dp310387ksm
0:40 Loom
11:25 Feudal Age
12:04 Horse Collar
12:13 Double-Bit Axe
19:50 Castle Age
17:45 Man-at-Arms
19:42 Forging
19:33 Scale Mail Armor
19:24 Fletching
19:27 Town Watch
21:03 Bow Saw
20:55 Heavy Plow
22:44 Bodkin Arrow
22:33 Elite Skirmisher
23:39 Arson
23:55 Squires
27:27 Fervor
26:55 Pikeman
29:12 Sanctity
35:07 Imperial Age
34:36 Chemistry
33:54 Padded Archer Armor
35:34 Wheelbarrow
35:23 Ballistics
35:42 Leather Archer Armor
35:44 Chain Mail Armor
37:08 Halberdier
40:06 Two-Man Saw
39:30 Conscription
40:25 Hand Cart
40:11 Town Patrol
40:53 Devotion
40:57 Murder Holes
41:06 Bracer
43:27 Houfnice
46:35 Wagenburg Tactics
46:44 Siege Engineers
46:50 Masonry
46:51 Fortified Wall
48:15 Iron Casting
48:11 Plate Mail Armor
48:12 Ring Archer Armor
47:55 Guilds
SKAY
0:27 Loom
10:33 Feudal Age
13:42 Horse Collar
16:15 Castle Age
14:09 Double-Bit Axe
16:20 Man-at-Arms
17:13 Long Swordsman
30:21 Imperial Age
27:46 Gold Mining
28:45 Heavy Plow
29:32 Forging
31:16 Iron Casting
30:22 Pikeman
35:06 Bow Saw
34:59 Scale Mail Armor
35:28 Conscription
36:24 Anarchy
38:56 Chemistry
40:36 Wheelbarrow
39:45 Elite Huskarl
43:14 Squires
44:19 Blast Furnace
45:02 Masonry
47:11 Hand Cart
48:52 Two-Handed Swordsman
Myrakaru
0:29 Loom
9:39 Feudal Age
10:07 Horse Collar
17:49 Castle Age
17:46 Fletching
18:45 Heavy Plow
24:51 Ballistics
24:29 Bodkin Arrow
27:45 Gold Mining
31:44 Imperial Age
31:24 Padded Archer Armor
32:10 Wheelbarrow
32:42 Leather Archer Armor
33:15 Bracer
34:28 Chemistry
34:16 Hand Cart
35:25 Ring Archer Armor
35:04 Scale Barding Armor
35:00 Double-Bit Axe
35:59 Conscription
35:33 Stone Mining
37:20 Elite Longbowman
38:25 Chain Barding Armor
37:28 Light Cavalry
38:09 Husbandry
38:08 Pikeman
38:49 Squires
39:37 Halberdier
42:01 Plate Barding Armor
42:24 Yeomen
Hoodie Melo
9:48 Feudal Age
11:36 Champi Runner
13:21 Scale Mail Armor
15:28 Double-Bit Axe
16:16 Fletching
17:03 Horse Collar
20:18 Padded Archer Armor
20:28 Forging
20:06 Loom
26:24 Castle Age
24:46 Gold Mining
27:03 Stone Mining
27:25 Bow Saw
27:18 Heavy Plow
27:57 Wheelbarrow
27:08 Champi Warrior
28:20 Squires
28:53 Bodkin Arrow
28:26 Crossbowman
32:35 Chain Mail Armor
33:44 Bodkin Arrow
33:38 Town Watch
34:41 Hand Cart
36:15 Iron Casting
37:06 Leather Archer Armor
38:35 Thumb Ring
39:14 Ballistics
41:55 Imperial Age
41:07 Gold Shaft Mining
41:09 Stone Shaft Mining
41:58 Elite Champi Warrior
41:59 Arbalester
42:57 Bracer
43:47 Conscription
45:35 Chemistry
44:42 Siege Engineers
45:30 Fabric Shields
48:39 Ring Archer Armor
49:09 Blast Furnace
49:02 Crop Rotation
49:30 Plate Mail Armor
Borzak4113
0:33 Loom
12:37 Feudal Age
13:27 Double-Bit Axe
15:58 Forging
20:58 Wheelbarrow
21:53 Scale Barding Armor
26:09 Castle Age
27:16 Fletching
27:56 Bow Saw
27:56 Caravan
28:42 Chain Barding Armor
29:37 Husbandry
30:09 Bodkin Arrow
35:58 Hand Cart
38:16 Imperial Age
41:14 Conscription
40:16 Elite Throwing Axeman
41:02 Scale Mail Armor
45:23 Iron Casting
just horsing around
6:39 Loom
10:05 Feudal Age
10:19 Man-at-Arms
12:37 Horse Collar
13:52 Double-Bit Axe
20:44 Castle Age
28:45 Squires
28:32 Arson
29:07 Heavy Plow
29:34 Bow Saw
34:05 Imperial Age
32:46 Fletching
32:57 Padded Archer Armor
33:36 Crossbowman
34:22 Thumb Ring
34:17 Bodkin Arrow
34:38 Leather Archer Armor
35:51 Bracer
36:37 Arbalester
39:16 Ballistics
40:22 Chemistry
41:36 Conscription
42:40 Gold Mining
43:23 Elite Skirmisher
45:05 Forging
44:56 Scale Mail Armor
47:47 Wheelbarrow
Satty
11:42 Feudal Age
14:22 Loom
16:42 Castle Age
15:59 Double-Bit Axe
16:27 Horse Collar
20:13 Scale Mail Armor
23:44 Bow Saw
25:12 Forging
27:38 Husbandry
27:49 Bloodlines
28:27 Wheelbarrow
31:37 Fletching
31:48 Padded Archer Armor
34:40 Imperial Age
33:19 Hand Cart
33:04 Pikeman
33:07 Elite Skirmisher
33:47 Bodkin Arrow
35:15 Ballistics
37:10 Chemistry
36:37 Conscription
37:52 Leather Archer Armor
37:38 Bracer
38:45 Onager
40:01 Elite Serjeant
45:06 Iron Casting
44:47 Chain Mail Armor
47:49 Blast Furnace
47:20 Plate Mail Armor
Darkspideyy
9:24 Loom
11:09 Feudal Age
12:18 Double-Bit Axe
13:05 Horse Collar
14:30 Wheelbarrow
22:53 Castle Age
22:36 Scale Mail Armor
23:53 Gold Mining
23:57 Stone Mining
24:28 Hand Cart
25:14 Husbandry
29:32 Treadmill Crane
30:40 Scale Barding Armor
30:55 Bow Saw
33:36 Chain Barding Armor
33:34 Chain Mail Armor
34:25 Forging
34:48 Fortified Wall
35:53 Gold Shaft Mining
35:58 Stone Shaft Mining
36:56 Iron Casting
40:35 Imperial Age
39:07 Heavy Plow
42:12 Plate Barding Armor
42:09 Plate Mail Armor
42:49 Two-Man Saw
42:31 Conscription
45:07 Logistica
Connection lost

Rejoining the realm…

Still unreachable

The connection could not be restored.

Session expired

The server has moved on; the page needs a fresh start.